 Dungeon Sprint DCSS version 0.28.0-53-g5a82cb258f (webtiles) character file.

Game seed: 12800560168411241280

105 Zeld the Chopper (level 4, -1/47 HPs)
             Began as a Minotaur Berserker on June 7, 2022.
             Was a Follower of Trog.
             Slain by an elephant (4 damage)
             ... in the Dungeon (Sprint VII: "The Pits").
             The game lasted 00:00:25 (36 turns).

Zeld the Chopper (Minotaur Berserker)                 Turns: 36, Time: 00:00:26

Health: -1/47      AC:  2    Str: 24    XL:     4   Next: 54%
Magic:  3/3        EV: 13    Int:  4    God:    Trog [*.....]
Gold:   0          SH:  0    Dex:  9    Spells: 3/3 levels left

rFire   . . .      SeeInvis .   a - +0 hand axe
rCold   . . .      Faith    .   (no shield)
rNeg    . . .      Spirit   .   b - +0 animal skin
rPois   .          Reflect  .   (helmet restricted)
rElec   .          Harm     .   (no cloak)
rCorr   .          Rampage  .   (no gloves)
Will    .....      NoTele   +   (no boots)
Stlth   +.........              (no amulet)
HPRegen 0.15/turn               (no ring)
MPRegen 0.08/turn               (no ring)

@: on berserk cooldown, slowed, very slow
A: horns 2, retaliatory headbutt
a: Renounce Religion, Berserk


You were in the Dungeon.
You worshipped Trog.
Trog was aware of your devotion.
You visited 1 branch

Inventory:

Hand Weapons
 a - a +0 hand axe (weapon)
Armour
 b - a +0 animal skin (worn)
Potions
 e - a potion of haste
 f - 2 potions of magic
 g - a potion of berserk rage


   Skills:
 * Level 7.2 Fighting
 * Level 7.3 Axes
 + Level 5.0 Armour
 + Level 4.5 Dodging


You had 3 spell levels left.
You didn't know any spells.
Your spell library was empty.

Dungeon Overview and Level Annotations

Branches:
Dungeon (1/1)

Altars:


Innate Abilities, Weirdness & Mutations

You have a pair of horns on your head.
You reflexively headbutt those who attack you in melee.


Message History

There is a huge open gate to the Metal Vault (Medium) here.
Okay, then.
You feel much better.
You feel sick. The warg barely misses you.
You feel better. The warg barely misses you. The elephant tramples you!
You stumble backwards!
The elephant tramples you.
You stumble backwards!
Blink to where?
Press: ? - help, Dir - move target
As you read the scroll of blinking, it crumbles to dust.
You open the door.
An adder skeleton comes into view.
You hit the adder skeleton but do no damage.
You headbutt the adder skeleton.
The adder skeleton is moderately damaged.
The adder skeleton misses you.
The adder skeleton completely misses you.
You hit the adder skeleton.
The adder skeleton is heavily damaged.
The adder skeleton barely misses you.
You hit the adder skeleton.
The adder skeleton is severely damaged.
The adder skeleton completely misses you.
The adder skeleton bites you but does no damage.
You closely miss the adder skeleton.
Your headbutt misses the adder skeleton.
The adder skeleton is severely damaged.
You slash the elephant! You barely miss the warg. The warg barely misses you.
The adder skeleton barely misses you. The elephant tramples you!
* * * LOW HITPOINT WARNING * * *
You hold your ground!
The elephant trunk-slaps you.
* * * LOW HITPOINT WARNING * * *
The warg barely misses you.
You barely miss the adder skeleton.
Your headbutt misses the adder skeleton.
The adder skeleton is severely damaged.
You hit the elephant but do no damage. You hit the warg.
The adder skeleton bites you but does no damage.
The elephant misses you. You furiously retaliate!
You headbutt the elephant, but do no damage.
The elephant trunk-slaps you.
You die...

##########++######
#................#
#......#..#......#
####.##.Y..............+
......Z@h..............+
#+#####......#..#......#
#................#
####'#####'h######
#.......##''#####
#.......##......#
#.......##......#
#...<...###....##
#.......# ##''##


You could see an elephant, a warg and an adder skeleton.

Vanquished Creatures
  A water moccasin (D)
1 creature vanquished.

Notes
Turn   | Place    | Note
-------+----------+-------------------------------------------
     0 | D        | Zeld the Minotaur Berserker began the quest for the Orb.
     0 | D        | Reached XP level 1. HP: 19/19 MP: 0/0
    17 | D        | Noticed a water moccasin
    17 | D        | Noticed an elephant
    17 | D        | Noticed a warg
    23 | D        | Killed a water moccasin
    24 | D        | Reached skill level 5 in Armour
    24 | D        | Reached XP level 2. HP: 4/34 MP: 1/1
    24 | D        | Reached XP level 3. HP: 5/39 MP: 2/2
    24 | D        | Reached XP level 4. HP: 6/47 MP: 3/3
    26 | D        | HP: 3/70 [poisoned by a water moccasin]
    27 | D        | HP: 1/47 [poisoned by a water moccasin]
    36 | D        | Slain by an elephant

Illustrated notes

Levels and vault maps discovered:
D:        pitsprint [storerooms_1, entrance_room_1, metal_vault_2, armoury_3,
          mini_pit_1, grid_room_1, main_hall_1, silver_pit, the_coven_3,
          the_vestibule_1, steel_vault_3, golden_pit, hallway_of_sentries,
          crystal_vault_3, iron_vault_5, final_vault]

Skill      XL: |  1 |
---------------+----+-----
Fighting       | 7 |  7.2
Axes           | 7 |  7.3
Armour         | 5 |  5.0
Dodging        | 4 |  4.5

Action                   |  1- 3 |  4- 6 || total
-------------------------+-------+-------++-------
Melee: Hand axe          |     5 |     5 ||    10
       Headbutt          |     1 |     1 ||     2
Invok: Berserk           |     1 |       ||     1
  Use: Potion            |       |     2 ||     2
       Scroll            |       |     1 ||     1
Armor: Animal skin       |       |     2 ||     2
Dodge: Dodged            |     4 |    10 ||    14
